 Dungeon Crawl Stone Soup version 0.30-a0-1066-g63dfefce0d (webtiles) character file.

Game seed: 2246603186860126026

2277 BlueFish the Covert (level 9, -14/62 HPs)
             Began as an Octopode Fighter on Apr 12, 2023.
             Was an Elder of Cheibriados.
             Killed from afar by an electric eel (15 damage)
             ... with a bolt of electricity
             ... on level 6 of the Dungeon.
             The game lasted 00:13:10 (5504 turns).

BlueFish the Covert (Octopode Fighter)              Turns: 5504, Time: 00:13:11

Health: -14/62     AC:  1    Str: 34    XL:     9   Next: 39%
Magic:  12/12      EV: 15    Int: 19    God:    Cheibriados [****..]
Gold:   338        SH: 12    Dex: 21    Spells: 6/9 levels left

rFire   . . .      SeeInvis .    a - +1 flail
rCold   . . .      Faith    .    x - +1 kite shield
rNeg    . . .      Spirit   .    (helmet restricted)
rPois   .          Reflect  .    (no amulet)
rElec   .          Rampage  .    h - ring of resist corrosion
rCorr   +                        z - +6 ring of strength
Will    .....                    (no ring)
Stlth   ++++++                   (no ring)
HPRegen 0.30/turn                (no ring)
MPRegen 0.13/turn                (no ring)
                                 (no ring)
                                 (no ring)

@: very slow
A: almost no armour, amphibious, 8 rings, camouflage 1, gelatinous body 1,
(nimble swimmer 1), tentacles
a: Renounce Religion, Bend Time, Temporal Distortion, Slouch


You were on level 6 of the Dungeon.
You worshipped Cheibriados.
Cheibriados was greatly pleased with you.
You visited 1 branch of the dungeon, and saw 6 of its levels.
You also visited: Sewer.

You collected 338 gold pieces.

Inventory:

Hand Weapons
 a - a +1 flail (weapon)
 b - a +0 sling
 y - a +0 flail
 B - a +0 mace
Missiles
 m - 6 boomerangs
 q - 27 stones
 D - 15 poisoned darts
Armour
 l - a +0 buckler
 x - a +1 kite shield (worn)
Jewellery
 h - a ring of resist corrosion (left tentacle)
 z - a +6 ring of strength (right tentacle)
 C - a ring of protection from cold
Wands
 w - a wand of mindburst (15)
 E - a wand of charming (11)
Scrolls
 d - 2 scrolls of teleportation
 e - a scroll of enchant armour
 f - 3 scrolls of magic mapping
 g - 4 scrolls of noise
 i - a scroll of poison {unknown}
 j - 2 scrolls of blinking {unknown}
 o - 4 scrolls of fog {unknown}
 r - a scroll of vulnerability {unknown}
 v - a scroll of enchant weapon {unknown}
Potions
 c - a potion of might
 k - 3 potions of attraction
 n - a potion of heal wounds
 p - 2 potions of berserk rage
 s - 2 potions of lignification
 t - 2 potions of curing
 u - 2 potions of mutation {unknown}
 A - a potion of flight {unknown}
 F - a potion of ambrosia {unknown}


   Skills:
 + Level 6.0 Fighting
 + Level 5.5 Maces & Flails
 + Level 4.8 Ranged Weapons
 + Level 4.7 Throwing
 + Level 6.0 Dodging
 * Level 10.7 Stealth
 + Level 6.0 Shields
 + Level 0.5 Spellcasting
 + Level 0.9 Translocations
 + Level 5.2 Invocations
 + Level 0.5 Evocations


You had 6 spell levels left.
You knew the following spells:

 Your Spells              Type           Power      Damage    Failure   Level
a - Teleport Other        Tloc           4%         N/A       73%         3

Your spell library contained the following spells:

 Spells                   Type           Power      Damage    Failure   Level
 Freeze                   Ice            0%         1d3       47%         1
 Gell's Gravitas          Tloc           4%         N/A       73%         3
 Dispersal                Tloc           2%         N/A       100%        6
 Ozocubu's Refrigeration  Ice            0%         4d7       100%        7
 Disjunction              Tloc           2%         N/A       100%        8


Dungeon Overview and Level Annotations

Branches:
Dungeon (6/15)             Temple (0/1) D:4           Sewer (visited)

Altars:
Ashenzari
Cheibriados
Elyvilon
Makhleb
Nemelex Xobeh
Sif Muna
Trog
Xom

Shops:
D:1 :

Annotations:
D:6 Menkaure


Innate Abilities, Weirdness & Mutations

You cannot wear most types of armour.
You are amphibious.
You can wear up to eight rings at the same time.
Your skin changes colour to match your surroundings (Stealth+).
Your rubbery body absorbs attacks. (AC +1, EV +1)
((You are camouflaged when in or above water. (Stealth+)))
You have tentacles for arms and can constrict up to eight enemies at once.


Message History

A yak comes into view.
b - a +0 sling (weapon)
You shoot a sling bullet. The sling bullet hits the yak.
The yak is lightly wounded.
You hear a bellow!
The yak bellows!
You shoot a sling bullet. The sling bullet barely misses the yak.
You shoot a sling bullet.
The sling bullet closely misses the yak.
a - a +1 flail (weapon)
You thump the yak!
The yak is heavily wounded.
The yak gores you.
You hit the yak. You squeeze the yak, but do no damage.
The yak is heavily wounded.
You block the yak's attack. The yak gores you!
You sock the yak!
You kill the yak!
Cheibriados appreciates the change of pace.
You block the yak's attack.
Your Shields skill increases to level 6!
You thump the yak!
The yak is moderately wounded.
The yak gores you.
You thump the yak! You squeeze the yak, but do no damage.
The yak is severely wounded.
You block the yak's attack.
You barely miss the electric eel. Your grab misses the electric eel.
The electric eel shoots out a bolt of lightning at you!
The bolt of electricity hits you! x2
The bolt of electricity hits the electric eel.
The electric eel completely resists.
You block the yak's attack.
You sock the electric eel! Your grab misses the electric eel.
The electric eel is severely wounded.
The yak gores you!
* * * LOW HITPOINT WARNING * * *
The electric eel shoots out a bolt of lightning at you!
The bolt of electricity hits you!
* * * LOW HITPOINT WARNING * * *
The bolt of electricity hits you!
You die...

#.........<..##.........
#.....#....†#####.......
##....+.........~~♣~♣<..
######..>..###~~~~~~P~♣
#...)...~P~~~~~♣♣♣
#...).#.~~PP~PP~~~
#..)..............
###.......♣~~~~~~~~~
#..@Y...###~~PP~~~~~
##♣♣♣♣S♣#.# ##♣~P~~~PP
#~~~~~~~♣.# #~♣~♣~##
♣~~~≈~~~~~~..# #######
P~~≈≈~≈~~~♣#..#
~~≈~~~~~~~~♣#.#
~~≈~~~~~~~~~♣ .#
~~~~~~~~~~~.~. .
~~..~~~........


You could see a yak and an electric eel.

Vanquished Creatures
  2 yaks (D:6)
  A water moccasin (D:6)
  A black bear (D:5)
  2 ogres (D:5)
  2 bullfrogs (Sewer)
  A kobold brigand (D:6)
  5 wights (D:5)
  A killer bee (D:4)
  An electric eel (D:6)
  A crimson imp (D:3)
  A jelly (D:6)
  2 hounds
  2 orc priests (D:4)
  A gnoll bouda (D:6)
  3 iguanas
  3 orc wizards
  3 gnolls (D:6)
  17 adders
  2 ufetubi
  A dart slug (D:2)
  7 orcs
  14 ball pythons
  6 bats
  18 endoplasms
  9 giant cockroaches
  9 goblins
  6 hobgoblins
  2 jackals (D:2)
  5 kobolds
  11 quokkas
  13 frilled lizards
  7 rats
159 creatures vanquished.

Vanquished Creatures (others)
  38 plants (D:6)
38 creatures vanquished.

Grand Total: 197 creatures vanquished

Notes
Turn   | Place    | Note
-------+----------+-------------------------------------------
     0 | D:1      | BlueFish the Octopode Fighter began the quest for the Orb.
     0 | D:1      | Reached XP level 1. HP: 16/16 MP: 1/1
   181 | D:1      | Reached skill level 1 in Stealth
   183 | D:1      | Reached XP level 2. HP: 18/21 MP: 2/2
   337 | D:1      | Found Gyat's Book Emporium.
   537 | D:1      | You fall into a shaft and drop 1 floor!
   615 | D:1      | Reached XP level 3. HP: 26/26 MP: 3/3
   660 | D:1      | Reached skill level 2 in Stealth
  1487 | D:2      | Reached XP level 4. HP: 31/31 MP: 4/4
  1622 | D:2      | Reached skill level 3 in Stealth
  1993 | D:3      | Found a snail-covered altar of Cheibriados.
  1993 | D:3      | Found a white marble altar of Elyvilon.
  1996 | D:3      | Became a worshipper of Cheibriados the Contemplative
  2208 | D:3      | Reached XP level 5. HP: 22/36 MP: 5/5
  2363 | D:3      | Found a shimmering blue altar of Sif Muna.
  2371 | D:3      | Found a sparkling altar of Nemelex Xobeh.
  2402 | D:3      | Reached skill level 1 in Ranged Weapons
  2503 | D:3      | Found a broken altar of Ashenzari.
  2526 | D:3      | Found a burning altar of Makhleb.
  2526 | D:3      | Found a shimmering altar of Xom.
  2530 | D:3      | Reached skill level 4 in Stealth
  2702 | D:4      | Reached * piety under Cheibriados
  2745 | D:4      | Reached skill level 1 in Throwing
  2745 | D:4      | Reached XP level 6. HP: 15/42 MP: 6/6
  2890 | D:4      | Reached skill level 1 in Invocations
  3125 | D:4      | Found a staircase to the Ecumenical Temple.
  3314 | D:4      | Reached skill level 5 in Stealth
  3414 | D:4      | Reached XP level 7. HP: 43/47 MP: 8/8
  3720 | D:5      | Entered Level 5 of the Dungeon
  3810 | D:5      | Found a glowing drain.
  3828 | D:5      | Reached skill level 5 in Fighting
  3828 | D:5      | Reached skill level 5 in Maces & Flails
  3828 | D:5      | Reached skill level 5 in Dodging
  3828 | D:5      | Reached skill level 10 in Stealth
  3828 | D:5      | Reached skill level 5 in Shields
  3828 | D:5      | Reached XP level 8. HP: 57/57 MP: 8/11
  3830 | Sewer    | Entered a sewer
  3832 | Sewer    | Reached ** piety under Cheibriados
  4087 | Sewer    | Reached *** piety under Cheibriados
  4168 | Sewer    | Reached skill level 5 in Invocations
  4238 | Sewer    | Got the Papyrus of Nonlocality and Algor
  4649 | D:5      | Found a bloodstained altar of Trog.
  4955 | D:5      | Learned a level 3 spell: Teleport Other
  5101 | D:6      | Reached XP level 9. HP: 62/62 MP: 12/12
  5207 | D:5      | Reached **** piety under Cheibriados
  5435 | D:6      | Noticed Menkaure
  5504 | D:6      | HP: 1/62 [electric eel/bolt of electricity (11)]
  5504 | D:6      | Killed from afar by an electric eel

Illustrated notes

Levels and vault maps discovered:
D:1:      lightli_arrival_farm, layout_basic, serial_shops,
          nicolae_shop_behind_doors, minmay_heptomino_l4
D:2:      layout_basic
D:3:      layout_basic, grunt_temple_overflow_champion_of_chaos,
          lemuel_round_altar, general_overflow_altar, led_sif_pool,
          gammafunk_temple_overflow_elements, hangedman_abyss_or_decor_stabs
D:4:      layout_cave_pools, minmay_temple_entry_wispy, serial_column_ruins,
          column_ruins_hut, column_ruins_hut_ruined,
          column_ruins_open_small_water, column_ruins_columns_dead_end,
          column_ruins_open_tiny, column_ruins_open_tiny,
          column_ruins_columns_straight, column_ruins_open_small,
          saegor_snake_ambush
D:5:      layout_basic, trog_butcher_becter, portal_sewer_entry_e
D:6:      layout_basic, ebering_ghost_disaster_area, serial_bayou,
          serial_bayou_shore_b, serial_bayou_shore_b, serial_bayou_lagoon_b,
          serial_bayou_ford_a, uniq_menkaure

Skill      XL: |  1  2  3  4  5  6  7  8  9 |
---------------+----------------------------+-----
Stealth        | 1 2 3 4 5 10 | 10.7
Ranged Weapons | 1 4 |  4.8
Throwing       | 1 4 |  4.7
Invocations    | 1 4 5 |  5.2
Maces & Flails | 3 5 |  5.5
Fighting       | 5 6 |  6.0
Dodging        | 5 6 |  6.0
Shields        | 5 6 |  6.0
Spellcasting   | |  0.5
Translocations | |  0.9
Evocations     | |  0.5

Action                     |  1- 3 |  4- 6 |  7- 9 || total
---------------------------+-------+-------+-------++-------
  Melee: Flail             |    47 |    63 |    42 ||   152
         Tentacles         |     9 |    10 |    25 ||    44
         Constrict         |    13 |    18 |    20 ||    51
         Mace              |       |     5 |    57 ||    62
         Punch             |       |       |     2 ||     2
   Fire: Sling             |    18 |    76 |   132 ||   226
    Use: Scroll            |       |       |    11 ||    11
         Potion            |       |       |     1 ||     1
   Stab: Sleeping          |     9 |       |       ||     9
 Armour: Skin              |     2 |    10 |     4 ||    16
  Dodge: Dodged            |    20 |    49 |    49 ||   118
  Block: Buckler           |    11 |     7 |       ||    18
         Kite shield       |       |    18 |    59 ||    77

Table legend: (Time is in decaauts)
 A = Elapsed time spent in this place.
 B = Non-inter-level travel time spent in this place.
 C = Inter-level travel time spent in this place.
 D = Time resting spent in this place.
 E = Time spent auto-exploring this place.
 F = Levels seen in this place.
 G = Mean time per level.
                   A        B        C        D        E       F      G
               +--------+--------+--------+--------+--------+-----+--------+
         Total |   6604 |   5988 |    616 |    170 |   4572 |   7 |  943.4 |
       Dungeon |   6062 |   5446 |    616 |    170 |   4283 |   6 | 1010.3 |
         Sewer |    541 |    541 |      0 |      0 |    289 |   1 |  541.0 |
               +--------+--------+--------+--------+--------+-----+--------+

Top non-repeatable levels by time:
     D:5: 1375 daAuts
     D:4: 1220 daAuts
     D:2: 1122 daAuts
     D:1: 909 daAuts
     D:3: 897 daAuts
   Sewer: 541 daAuts
     D:6: 537 daAuts
